 Dungeon Crawl Stone Soup version 0.20-a0-433-g9e36e56 (webtiles) character file.

9 Gorice the Vexing (level 2, -1/21 HPs)
             Began as a Demonspawn Arcane Marksman on Jan 4, 2017.
             Slain by a leopard gecko (3 damage)
             ... on level 1 of the Dungeon.
             The game lasted 00:01:36 (146 turns).

Gorice the Vexing (Demonspawn Arcane Marksman)       Turns: 146, Time: 00:01:37

Health: -1/21      AC:  2    Str: 10    XL:     2   Next: 6%
Magic:  1/3        EV: 12    Int: 14    God:
Gold:   14         SH:  0    Dex: 13    Spells: 2/3 levels left

rFire  . . .     SeeInvis .     h - +0 dagger
rCold  . . .     Gourm    .     a - +0 robe
rNeg   . . .     Faith    .     (no shield)
rPois  .         Spirit   .     (no helmet)
rElec  .         Reflect  .     (no cloak)
rCorr  .         Harm     .     (no gloves)
MR     .....                    (no boots)
Stlth  +.........               (no amulet)
                                (no ring)
                                (no ring)

@: no status effects
A: powered by pain 1
a: no special abilities


You were on level 1 of the Dungeon.
You were not hungry.

You visited 1 branch of the dungeon, and saw 1 of its levels.

You collected 14 gold pieces.

Inventory:

Hand Weapons
 h - a +0 dagger (weapon)
Armour
 a - a +0 robe (worn)
Jewellery
 e - a +3 ring of dexterity {unknown}
Scrolls
 d - a scroll of enchant armour {unknown}
 i - a scroll of blinking {unknown}
 j - a scroll of identify {unknown}
Books
 b - a book of Debilitation
Comestibles
 f - a bread ration {!e}
 g - 3 chunks of flesh


   Skills:
 + Level 1.5 Fighting
 + Level 2.2 Throwing
 - Level 1.7 Dodging
 - Level 1.0 Spellcasting
 - Level 3.0 Hexes


You had 2 spell levels left.
You knew the following spells:

 Your Spells              Type           Power        Failure   Level  Hunger
a - Corona                Hex            #......      10%         1    ##.....


Dungeon Overview and Level Annotations

Branches:
Dungeon (1/15)

Altars:


Innate Abilities, Weirdness & Mutations

You sometimes gain a little power by taking damage.


Message History

Casting: Corona
Confirm with . or Enter, or press ? or * to list all spells.
Aiming: Corona
Press: ? - help, Shift-Dir - straight line, f/p - leopard gecko
Aim: a leopard gecko (chance to defeat MR: 62%)
The leopard gecko struggles to resist.
The leopard gecko barely misses you.
Casting: Corona
Confirm with . or Enter, or press ? or * to list all spells.
Aiming: Corona
Press: ? - help, Shift-Dir - straight line, f/p - leopard gecko
Aim: a leopard gecko (chance to defeat MR: 62%)
The leopard gecko is outlined in light.
The leopard gecko barely misses you.
Throwing (i - inventory. (,) - cycle):
c - a javelin (quivered)
Press: ? - help, Shift-Dir - straight line, f/p - leopard gecko
Aim: a leopard gecko (softly glowing)
You throw a javelin.
The javelin hits the leopard gecko but does no damage.
The leopard gecko bites you.
* * * LOW HITPOINT WARNING * * *
The leopard gecko bites you.
* * * LOW HITPOINT WARNING * * *
Damage: 5 (max 5) Unknown command.
Throwing (i - inventory):
Y - 2 throwing nets (quivered)
Press: ? - help, Shift-Dir - straight line, f/p - leopard gecko
Aim: a leopard gecko (softly glowing)
You throw a throwing net.
The throwing net closely misses the leopard gecko.
The leopard gecko closely misses you.
Throwing (i - inventory):
Y - a throwing net (quivered)
Press: ? - help, Shift-Dir - straight line, f/p - leopard gecko
Aim: a leopard gecko (softly glowing)
You throw a throwing net.
The throwing net barely misses the leopard gecko.
The leopard gecko bites you.
* * * LOW HITPOINT WARNING * * *
Damage: 1 (max 5)
You hit the leopard gecko but do no damage.
The leopard gecko closely misses you.
Unknown command.
Wield which item (- for none, * to show all)? (? for menu, Esc to quit)
h - a +0 dagger (weapon)
The leopard gecko bites you but does no damage.
You closely miss the leopard gecko. The leopard gecko bites you.
* * * LOW HITPOINT WARNING * * *
Damage: 2 (max 5)
You hit the leopard gecko.
The leopard gecko is lightly wounded.
The leopard gecko bites you.
You die...

#.............)...............
####...####.######..#.###..)..
#...# #.# ##.#.# ... #...# #.#
#...# . #...# #.# ##..# #...#
#.########..# #...#
#.......##..# ####
###.........# #.@l(.((..
#........( #.........
#......... #.......$.
#########.


You could see a leopard gecko.

Vanquished Creatures
  A leopard gecko (D:1)
  3 goblins (D:1)
  A hobgoblin (D:1)
  A kobold (D:1)
  A ball python (D:1)
7 creatures vanquished.

Notes
Turn   | Place    | Note
-------+----------+-------------------------------------------
     0 | D:1      | Gorice the Demonspawn Arcane Marksman began the quest for the Orb.
     0 | D:1      | Reached XP level 1. HP: 15/15 MP: 2/2
    37 | D:1      | Reached skill level 2 in Throwing
   109 | D:1      | Gained mutation: You sometimes gain a little power by taking damage. [demonic ancestry]
   109 | D:1      | Reached XP level 2. HP: 7/21 MP: 3/3
   140 | D:1      | HP: 6/21 [leopard gecko (4)]
   145 | D:1      | HP: 2/21 [leopard gecko (2)]
   146 | D:1      | Slain by a leopard gecko

Vault maps used:
D:1:      lemuel_arrival_hallway, grunt_decor_one_mirror,
          minmay_misc_feat_secret_circle

Skill      XL: |  1 |
---------------+----+-----
Throwing       | 2 |  2.2
Fighting       | |  1.5
Dodging        | |  1.7
Spellcasting   | |  1.0
Hexes          | |  3.0

Action                   || total
-------------------------++-------
Melee: Unarmed           ||     9
       Dagger            ||     2
Throw: Javelin           ||    15
       Throwing net      ||     2
 Cast: Corona            ||     2
Armor: Robe              ||     3
Dodge: Dodged            ||     9

Table legend:
 A = Turns spent in this place as a percentage of turns spent in the entire game.
 B = Non-inter-level travel turns spent in this place as a percentage of non-inter-level travel turns spent in the entire game.
 C = Inter-level travel turns spent in this place as a percentage of turns spent in this place.
 D = Turns resting spent in this place as a percentage of non-inter-level travel turns spent in this place.
 E = Turns spent auto-exploring this place as a percentage of non-inter-level travel turns spent in this place.
 F = Non-inter-level travel turns spent in this place divided by the number of levels of this place that you've seen.
                   A       B       C       D       E      F
               +-------+-------+-------+-------+-------+----------------------
         Total | 100.0 | 100.0 |   0.0 |   0.0 |   4.7 | 107.0
       Dungeon | 100.0 | 100.0 |   0.0 |   0.0 |   4.7 | 107.0
               +-------+-------+-------+-------+-------+----------------------

Vault maps used:
D:1:      lemuel_arrival_hallway, grunt_decor_one_mirror,
          minmay_misc_feat_secret_circle
